 Dungeon Crawl Stone Soup version 0.18.1-5-g4a78601 (webtiles) character file.

8431 Scarto the Grappler (level 11, -3/99 HPs)
             Began as a Troll Monk on May 10, 2016.
             Was an Elder of Trog.
             Slain by a hill giant
             ... wielding a +0 giant club
              (28 damage)
             ... on level 11 of the Dungeon.
             The game lasted 00:21:49 (8457 turns).

Scarto the Grappler (Troll Monk)                    Turns: 8457, Time: 00:21:49

Health: -3/99      AC:  9    Str: 24      XL:     11   Next: 9%
Magic:  7/7        EV:  9    Int:  5      God:    Trog [****..]
Gold:   576        SH:  9    Dex: 11 (12) Spells: 0 memorised, 10 levels left

rFire  . . .     SeeInvis .     y - +10 flail "Beic" {distort, rN+ Int-3 Stlth+}
rCold  . . .     Gourm    +     a - +1 robe
rNeg   + . .     Faith    .     D - +0 shield
rPois  .         Spirit   .     (helmet restricted)
rElec  +         Dismiss  .     h - +0 cloak
rCorr  .         Reflect  +     (gloves unavailable)
SustAt .         Harm     .     (boots unavailable)
MR     +....                    l - +2 amulet of reflection
Stlth  +++.......               q - ring of flight
                                o - ring of protection from magic

@: exhausted, slowed, drained, very slow, somewhat resistant to hostile
enchantments, fairly stealthy
A: unfitting armour, claws 3, horns 1, molten scales 1, rugged brown scales 1,
clever 1, deterioration 1, fast metabolism 3, frail 1, gourmand, low mp 2,
mutation resistance 1, regeneration 2, screaming 1, shaggy fur 1, electricity
resistance, tough skin 2
a: Berserk, Trog's Hand, Brothers in Arms, Burn Spellbooks, Renounce Religion,
Evoke Flight


You were on level 11 of the Dungeon.
You worshipped Trog.
Trog was greatly pleased with you.
You were not hungry.

You visited 1 branch of the dungeon, and saw 11 of its levels.

You collected 576 gold pieces.

Inventory:

Hand Weapons
 y - the +10 flail "Beic" (weapon) {distort, rN+ Int-3 Stlth+}
   (You found it on level 8 of the Dungeon)

   It warps and distorts space around it.
   Unwielding it can cause banishment or high damage.
   It affects your intelligence (-3).
   It protects you from negative energy.
   It makes you more stealthy.
Missiles
 d - 18 tomahawks (quivered)
 v - 7 javelins of penetration
 w - 7 tomahawks of returning
 z - 2 poisoned tomahawks
Armour
 a - a +1 robe (worn)
 h - a +0 cloak (worn)
 D - a +0 shield (worn)
Jewellery
 l - a +2 amulet of reflection (around neck)
 o - a ring of protection from magic (left claw)
 q - a ring of flight (right claw)
Wands
 k - a wand of teleportation (6/9)
 E - a wand of flame (0/48)
 F - a wand of teleportation (2/9)
Scrolls
 f - 3 scrolls of torment
 g - 2 scrolls of enchant armour
 i - 9 scrolls of remove curse
 m - 5 scrolls of identify
 n - a scroll of fear {unknown}
 t - a scroll of teleportation
 G - a scroll of recharging
Potions
 e - 4 potions of heal wounds
 p - a potion of curing
 s - 3 potions of agility
 x - 2 potions of berserk rage {unknown}
 A - a potion of haste {unknown}
 B - a potion of flight {unknown}
 C - a potion of might
Comestibles
 b - a bread ration
 c - 8 meat rations
 j - 8 fruits
 r - 11 slices of pizza
 u - 4 beef jerkies


   Skills:
 + Level 6.9 Fighting
 * Level 4.5 Maces & Flails
 + Level 5.6 Throwing
 + Level 6.8 Dodging
 + Level 5.3 Stealth
 + Level 8.7 Unarmed Combat


You had 10 spell levels left.
You didn't know any spells.

Dungeon Overview and Level Annotations

Branches:
Dungeon (11/15)            Temple (0/1) D:7
   Lair: D:8-11         Orc: D:9-12

Altars:
Ashenzari
Fedhas
Makhleb
Pakellas
Qazlal
Ru
Sif Muna
Trog
Vehumet
Xom
Yredelemnul


Innate Abilities, Weirdness & Mutations

You are too large for most types of armour.
You have claws for hands.
Your metabolism is lightning-fast.
You like to eat raw meat.
You heal very quickly.
You are covered in fur (AC +1).
You have very tough skin (AC +2).
You have a pair of small horns on your head.
You are partially covered in molten scales (AC +1).
You are partially covered in rugged brown scales (AC +1, +3% HP).
Your mind is acute. (Int +2)
Your body sometimes deteriorates upon taking damage.
You are frail (-10% HP).
Your magical capacity is very low (-20% MP).
You are somewhat resistant to further mutation.
You occasionally shout uncontrollably at your foes.
You are resistant to electric shocks.


Message History

You are too injured to fight recklessly!
Unknown command.
A red film seems to cover your vision as you go berserk!
You feel yourself moving faster!
You feel mighty!
You feel quite a bit more hungry.
The bat hits the fungus.
The bat hits the plant but does no damage. x2
The hill giant hits you with a giant club!
* * * LOW HITPOINT WARNING * * *
You sock the hill giant! You headbutt the hill giant!
The hill giant is severely wounded.
The hill giant blinks!
The bat hits the fungus. x2
The bat hits the plant but does no damage. x2
You feel a strong urge to attack something.
The bat completely misses the fungus.
The bat hits the fungus.
The bat hits the plant but does no damage. x2
You feel your anger subside.
You are no longer berserk.
You are exhausted.
You feel yourself slow down.
Something completely misses the fungus.
The hill giant hits you with a giant club!!
You die...

P....bP..
...P..P.PPP.PPP..
....P.PP...PPP..#
.....P.PP.PPP...+
?.....P..PPP....####
.....P.PPPPP.P.....#
.....P.............#
.......PP..........#
<...............@..#
................C..#
.....).............#
.........######....#
.........#....#../.#
.........#....#.####
.........#....#.#
.........#'##+#.#
................#


You could see a hill giant.

Vanquished Creatures
  A centaur warrior (D:8)
  Erolcha (D:8)
  Nergalle (D:11)
  Pikel (D:4)
  2 ugly things
  A gargoyle (D:7)
  A komodo dragon (D:9)
  A troll (D:8)
  A human (D:7)
  A yak (D:7)
  A water moccasin (D:9)
  2 ice beasts
  2 sky beasts (D:10)
  An ogre (D:8)
  A centaur (D:7)
  A phantom (D:9)
  A crocodile (D:10)
  2 big kobolds (D:10)
  A gnoll sergeant (D:7)
  7 giant frogs
  A scorpion (D:8)
  A wyvern skeleton (D:7)
  10 killer bees (D:10)
  9 wights
  3 howler monkeys
  A centaur zombie (D:6)
  6 crimson imps
  A giant frog zombie (D:7)
  A giant frog skeleton (D:8)
  4 hounds
  5 jellies
  3 orc wizards
  A wasp zombie (D:7)
  2 orc priests
  A centaur skeleton (D:4)
  An iguana (D:9)
  6 worker ants
  3 sheep (D:7)
  13 gnolls
  8 adders
  2 shadow imps
  2 oozes
  6 worms
  2 adder skeletons
  2 dart slugs
  4 giant geckos
  29 orcs
  2 ball pythons
  11 bats
  4 giant cockroaches
  8 goblins
  6 hobgoblins
  11 jackals
  18 kobolds
  7 quokkas
  11 giant newts
  A quokka skeleton (D:5)
  9 rats
245 creatures vanquished.

Vanquished Creatures (others)
  A griffon (D:8)
  2 hippogriffs (D:10)
  A slave (D:5)
  A worker ant (D:5)
  A killer bee zombie (D:9)
  An orc (D:10)
7 creatures vanquished.

Grand Total: 252 creatures vanquished

Notes
Turn   | Place    | Note
--------------------------------------------------------------
     0 | D:1      | Scarto the Troll Monk began the quest for the Orb.
     0 | D:1      | Reached XP level 1. HP: 22/22 MP: 0/0
   122 | D:1      | Reached XP level 2. HP: 29/29 MP: 1/1
   575 | D:1      | Reached XP level 3. HP: 36/36 MP: 2/2
  1282 | D:2      | Reached XP level 4. HP: 38/45 MP: 3/3
  1893 | D:3      | Found a shimmering altar of Xom.
  2073 | D:3      | Reached XP level 5. HP: 50/53 MP: 4/4
  2402 | D:3      | Found an oddly glowing altar of Pakellas.
  2496 | D:3      | Found a bloodstained altar of Trog.
  2497 | D:3      | Found a shattered altar of Ashenzari.
  2510 | D:3      | Became a worshipper of Trog the Wrathful
  2510 | D:3      | Reached * piety under Trog
  2510 | D:3      | Reached ** piety under Trog
  2549 | D:4      | Gained mutation: You have a pair of small horns on your head. [potion of mutation]
  2549 | D:4      | Gained mutation: Your mind is acute. (Int +2) [potion of mutation]
  2549 | D:4      | Gained mutation: Your magical capacity is low (-10% MP). [potion of mutation]
  2561 | D:4      | Noticed Pikel
  2562 | D:4      | Noticed a slave
  2565 | D:4      | Noticed a slave
  2566 | D:4      | Noticed a slave
  2569 | D:4      | Noticed a slave
  2572 | D:4      | Killed Pikel
  2572 | D:4      | Reached skill level 5 in Unarmed Combat
  2572 | D:4      | Reached XP level 6. HP: 61/62 MP: 4/4
  2572 | D:4      | Reached XP level 7. HP: 69/70 MP: 5/5
  2653 | D:4      | Gained mutation: You occasionally shout uncontrollably at your foes. [potion of mutation]
  2653 | D:4      | Gained mutation: You are resistant to electric shocks. [potion of mutation]
  3130 | D:5      | Entered Level 5 of the Dungeon
  3168 | D:5      | Found a sacrificial altar of Ru.
  3218 | D:5      | Found a deep blue altar of Sif Muna.
  3530 | D:5      | Reached skill level 6 in Unarmed Combat
  3882 | D:6      | Gained mutation: You are frail (-10% HP). [potion of mutation]
  3882 | D:6      | Gained mutation: You are partially covered in rugged brown scales (AC +1, +3% HP). [potion of mutation]
  3882 | D:6      | Gained mutation: You are somewhat resistant to further mutation. [potion of mutation]
  3902 | D:6      | Reached XP level 8. HP: 73/73 MP: 6/6
  3995 | D:6      | Reached skill level 1 in Throwing
  4349 | D:6      | Reached skill level 5 in Fighting
  4358 | D:6      | Reached *** piety under Trog
  4626 | D:7      | Reached skill level 5 in Dodging
  4742 | D:7      | Found a staircase to the Ecumenical Temple.
  4756 | D:7      | Noticed a gargoyle
  4770 | D:7      | Killed a gargoyle
  4770 | D:7      | Reached skill level 7 in Unarmed Combat
  4770 | D:7      | Reached XP level 9. HP: 16/81 MP: 7/7
  4957 | D:7      | Received a gift from Trog
  5483 | D:8      | Noticed Erolcha
  5486 | D:8      | Killed Erolcha
  5593 | D:8      | Noticed a centaur warrior
  5599 | D:8      | Killed a centaur warrior
  5599 | D:8      | Reached XP level 10. HP: 77/91 MP: 8/8
  5641 | D:8      | Got a steaming flail
  5643 | D:8      | Identified the +10 flail "Beic" {distort, rN+ Int-3 Stlth+} (You found it on level 8 of the Dungeon)
  5678 | D:8      | Found a blossoming altar of Fedhas.
  5679 | D:8      | Found a stormy altar of Qazlal.
  5856 | D:8      | Found a basalt altar of Yredelemnul.
  6011 | D:8      | Noticed a griffon
  6013 | D:8      | Banished a griffon
  6013 | D:8      | Reached skill level 8 in Unarmed Combat
  6022 | D:8      | Reached skill level 1 in Maces & Flails
  6568 | D:8      | Noticed a red ugly thing
  6577 | D:8      | Killed a red ugly thing
  6579 | D:8      | Reached skill level 5 in Stealth
  7075 | D:9      | Found a burning altar of Makhleb.
  7076 | D:9      | Found a radiant altar of Vehumet.
  7102 | D:9      | Reached skill level 5 in Throwing
  7389 | D:10     | Entered Level 10 of the Dungeon
  7417 | D:10     | Gained mutation: Your body sometimes deteriorates upon taking damage. [mutagenic meat]
  7419 | D:10     | Gained mutation: You are partially covered in molten scales (AC +1). [mutagenic meat]
  7625 | D:10     | Noticed a red ugly thing
  7637 | D:10     | Killed a red ugly thing
  7751 | D:10     | Gained mutation: Your magical capacity is very low (-20% MP). [mutagenic meat]
  7780 | D:10     | Reached **** piety under Trog
  8359 | D:10     | Reached XP level 11. HP: 99/99 MP: 7/7
  8411 | D:11     | Noticed Nergalle
  8421 | D:11     | Killed Nergalle
  8443 | D:11     | Noticed a hill giant
  8457 | D:11     | Slain by a hill giant

Skill      XL: |  1  2  3  4  5  6  7  8  9 10 |
---------------+-------------------------------+-----
Fighting       | 3 4 5 6 |  6.9
Dodging        | 3 4 5 6 |  6.8
Stealth        | 2 3 4 5 |  5.3
Unarmed Combat | 5 6 7 8 |  8.7
Throwing       | 2 4 5 |  5.6
Maces & Flails | 4 |  4.5

Action                   |  1- 3 |  4- 6 |  7- 9 | 10-12 || total
-------------------------+-------+-------+-------+-------++-------
Melee: Unarmed           |   113 |   117 |   258 |     2 ||   490
       Punch             |       |     3 |     5 |     1 ||     9
       Headbutt          |       |     2 |    58 |    31 ||    91
       Flail             |       |       |       |   191 ||   191
Invok: Berserk           |       |       |     1 |     7 ||     8
       Trog's Hand       |       |       |     1 |     3 ||     4
       Burn Spellbooks   |       |       |     2 |     1 ||     3
  Use: Scroll            |       |     8 |     5 |     1 ||    14
       Potion            |       |     7 |     3 |       ||    10
 Stab: Sleeping          |     2 |     1 |     7 |     7 ||    17
  Eat: Chunk             |    13 |    12 |    22 |    26 ||    73
       Bread ration      |       |       |     2 |     4 ||     6
Armor: Robe              |    51 |    38 |    60 |    93 ||   242
Dodge: Dodged            |    47 |    66 |   135 |    57 ||   305
Block: Other             |       |       |     6 |     3 ||     9
       Reflection        |       |       |     1 |     5 ||     6
       Shield            |       |       |       |    82 ||    82
